 Dungeon Crawl Stone Soup version 0.29.1-15-g9cfb28693d (webtiles) character file.

Game seed: 14526255624539071713

266 mongooserunner the Shooter (level 6, 0/51 HPs)
             Began as a Minotaur Hunter on Feb 27, 2023.
             Slain by Dowan
             ... wielding a +0 dagger
              (6 damage)
             ... on level 4 of the Dungeon.
             The game lasted 00:07:37 (4022 turns).

mongooserunner the Shooter (Minotaur Hunter)        Turns: 4022, Time: 00:07:38

Health: 0/51       AC:  4    Str: 15    XL:     6   Next: 0%
Magic:  5/5        EV: 12    Int:  6    God:
Gold:   175        SH:  0    Dex: 16    Spells: 5/5 levels left

rFire   . . .      SeeInvis .   a - +0 shortbow
rCold   . . .      Faith    .   (shield currently unavailable)
rNeg    . . .      Spirit   .   c - +0 leather armour
rPois   +          Reflect  .   (helmet restricted)
rElec   .          Harm     .   (no cloak)
rCorr   .          Rampage  .   (no gloves)
Will    .....                   k - +0 pair of boots
Stlth   ++........              (no amulet)
HPRegen 0.17/turn               h - ring of poison resistance
MPRegen 0.09/turn               (no ring)

@: no status effects
A: horns 2, retaliatory headbutt
a: no special abilities


You were on level 4 of the Dungeon.
You visited 1 branch of the dungeon, and saw 4 of its levels.

You collected 175 gold pieces.

Inventory:

Hand Weapons
 a - a +0 shortbow (weapon)
Missiles
 q - a throwing net
Armour
 c - a +0 leather armour (worn)
 k - a +0 pair of boots (worn)
 n - a +0 scale mail
Jewellery
 h - a ring of poison resistance (left hand)
 w - a ring of wizardry
Wands
 u - a wand of polymorph (8)
Scrolls
 b - a scroll of immolation
 d - 2 scrolls of identify {unknown}
 f - a scroll of poison {unknown}
 j - 2 scrolls of enchant weapon {unknown}
 m - a scroll of teleportation {unknown}
 p - 2 scrolls of amnesia {unknown}
 r - a scroll of fear {unknown}
 x - a scroll of silence {unknown}
Potions
 e - 4 potions of curing {unknown}
 g - 2 potions of berserk rage {unknown}
 i - a potion of heal wounds {unknown}
 l - a potion of mutation {unknown}
 o - a potion of cancellation {unknown}
 s - a potion of resistance {unknown}
 t - a potion of lignification {unknown}
 v - a potion of degeneration {unknown}


   Skills:
 + Level 3.2 Fighting
 + Level 7.2 Ranged Weapons
 + Level 1.4 Armour
 + Level 2.9 Dodging
 + Level 1.0 Stealth


You had 5 spell levels left.
You didn't know any spells.
Your spell library contained the following spells:

 Spells                   Type           Power      Damage    Failure   Level
 Apportation              Tloc           0%         N/A       52%         1
 Magic Dart               Conj           0%         1d3       52%         1
 Necrotise                Necr           0%         1d4       52%         1
 Summon Small Mammal      Summ           0%         N/A       52%         1
 Searing Ray              Conj           0%         2d4       67%         2
 Fulminant Prism          Conj/Hex       0%         3d6       99%         4


Dungeon Overview and Level Annotations

Branches:
Dungeon (4/15)
 Temple: D:4-7

Altars:
Okawaru

Annotations:
D:4 Dowan, Duvessa


Innate Abilities, Weirdness & Mutations

You have a pair of horns on your head.
You reflexively headbutt those who attack you in melee.


Message History

Level annotation: Dowan, Duvessa Duvessa completely misses you.
You furiously retaliate!
You headbutt Duvessa. Duvessa misses you.
There is a stone staircase leading down, spattered with blood here.
You shoot an arrow. The arrow hits Duvessa.
Duvessa is lightly wounded.
Duvessa hits you with a +0 short sword!
You shoot an arrow.
The arrow hits Duvessa but does no damage.
Duvessa is lightly wounded.
Duvessa gestures with her weapon.
Duvessa hits you with a +0 short sword.
Fire: a) +0 shortbow
Press: ? - help, Q - select action, (/) - cycle Shift-Dir - straight line, f/p - Duvessa
Aim: Duvessa, wielding a +0 short sword and wearing a +2 chain mail of cold resistance (lightly wounded, 74% to hit)
You shoot an arrow. The arrow barely misses Duvessa.
Dowan says, "My weaknesses are her strengths!"
Duvessa closely misses you.
Fire: a) +0 shortbow
Press: ? - help, Q - select action, (/) - cycle Shift-Dir - straight line, f/p - Duvessa
Aim: Duvessa, wielding a +0 short sword and wearing a +2 chain mail of cold resistance (lightly wounded, 74% to hit)
You shoot an arrow. The arrow closely misses Duvessa.
Duvessa hits you with a +0 short sword! Dowan hits you but does no damage.
Duvessa hits you with a +0 short sword! Dowan closely misses you.
You climb downwards.
There is a stone staircase leading up here.
There are monsters nearby!
Duvessa misses you. Dowan hits you but does no damage.
You climb upwards.
There is a stone staircase leading down, spattered with blood here.
Duvessa hits you with a +0 short sword!
* * * LOW HITPOINT WARNING * * *
Dowan points at you and mumbles some strange words.
The puff of frost misses you.
You climb downwards.
There is a stone staircase leading up here.
Duvessa hits you with a +0 short sword.
* * * LOW HITPOINT WARNING * * *
Dowan hits you with a +0 dagger.
You die...

########## #......
#........###.......
#.........#........
#.................ยง
.##.............e....
.............########
..............#
............).#
.....$...<..@.#
...........e.e#
.............##
...........###
#.......####
#.......# ##......#
#.....##


You could see Duvessa and Dowan.

Vanquished Creatures
  A scorpion (D:3)
  An orc priest (D:2)
  7 gnolls (D:3)
  3 adders
  A worm (D:2)
  A dart slug (D:3)
  7 orcs
  5 bats
  5 endoplasms
  3 giant cockroaches
  3 goblins
  9 hobgoblins
  5 jackals
  A quokka (D:1)
  7 ball pythons
  4 frilled lizards
  5 kobolds
  6 rats
74 creatures vanquished.

Notes
Turn   | Place    | Note
-------+----------+-------------------------------------------
     0 | D:1      | mongooserunner the Minotaur Hunter began the quest for the
                  | Orb.
     0 | D:1      | Reached XP level 1. HP: 18/18 MP: 0/0
   134 | D:1      | Reached XP level 2. HP: 25/25 MP: 1/1
   161 | D:1      | Reached skill level 5 in Ranged Weapons
   208 | D:1      | Found a faded altar of an unknown god.
   812 | D:1      | Reached XP level 3. HP: 30/30 MP: 2/2
  1186 | D:2      | Reached skill level 1 in Stealth
  1222 | D:2      | Reached XP level 4. HP: 35/37 MP: 3/3
  1534 | D:2      | Reached skill level 6 in Ranged Weapons
  1878 | D:3      | Found an iron altar of Okawaru.
  2434 | D:3      | Reached XP level 5. HP: 45/45 MP: 4/4
  2732 | D:3      | Reached skill level 1 in Armour
  2866 | D:3      | Reached skill level 7 in Ranged Weapons
  3222 | D:4      | Noticed Duvessa
  3222 | D:4      | Noticed Dowan
  3571 | D:4      | Reached XP level 6. HP: 17/51 MP: 5/5
  4022 | D:4      | Slain by Dowan

Illustrated notes

Levels and vault maps discovered:
D:1:      dpeg_arrival_stonehenge_8_columns, layout_basic,
          basic_ecumenical_altar
D:2:      layout_basic, nicolae_figureground_pulse
D:3:      layout_loops_ring, mainiacjoe_overflow_24_doors,
          amcnicky_mini_corridor_feature, minmay_pentangle
D:4:      layout_cave_pods, uniq_duvessa, uniq_pikel, uniq_blork_the_orc,
          uniq_ijyb

Skill      XL: |  1  2  3  4  5 |
---------------+----------------+-----
Ranged Weapons | 5 6 7 |  7.2
Stealth        | 1 |  1.0
Fighting       | 3 |  3.2
Armour         | 1 |  1.4
Dodging        | |  2.9

Action                   |  1- 3 |  4- 6 || total
-------------------------+-------+-------++-------
 Fire: Shortbow          |    79 |   151 ||   230
Armor: Leather armour    |     7 |    18 ||    25
Dodge: Dodged            |    27 |    74 ||   101
